 Dungeon Crawl Stone Soup version 0.29.1-2-gbd0b4ee654 (webtiles) character file.

Game seed: 5127674922727251396

143 LustLizard the Insei (level 5, 0/35 HPs)
             Began as an Octopode Transmuter on Nov 30, 2022.
             Slain by a sky beast (5 damage)
             ... on level 3 of the Dungeon.
             The game lasted 00:04:15 (3678 turns).

LustLizard the Insei (Octopode Transmuter)          Turns: 3678, Time: 00:04:16

Health: 0/35       AC:  1    Str: 10    XL:     5   Next: 25%
Magic:  8/8        EV: 13    Int: 17    God:
Gold:   159        SH:  0    Dex: 12    Spells: 1/8 levels left

rFire   . . .      SeeInvis .     - Unarmed
rCold   . . .      Faith    .   (no shield)
rNeg    . . .      Spirit   .   (helmet currently unavailable)
rPois   .          Reflect  .   (no amulet)
rElec   .          Harm     .   (no ring)
rCorr   .          Rampage  .   (no ring)
Will    .....                   (no ring)
Stlth   ++........              (no ring)
HPRegen 0.11/turn               (no ring)
MPRegen 0.11/turn               (no ring)
                                (no ring)
                                (no ring)

@: appendages
A: tentacle spike 3, almost no armour, amphibious, 8 rings, camouflage 1,
gelatinous body 1, (nimble swimmer 1), tentacles
a: End Transformation


You were on level 3 of the Dungeon.
One of your tentacles had grown a beastly spike.
You visited 1 branch of the dungeon, and saw 3 of its levels.

You collected 159 gold pieces.

Inventory:

Missiles
 l - a throwing net
Scrolls
 b - 4 scrolls of magic mapping {unknown}
 c - 2 scrolls of butterflies {unknown}
 d - a scroll of amnesia {unknown}
 e - 2 scrolls of noise {unknown}
 g - a scroll of poison {unknown}
 h - 6 scrolls of identify {unknown}
 j - 3 scrolls of enchant armour {unknown}
 m - a scroll of immolation {unknown}
Potions
 a - 2 potions of lignification
 f - a potion of attraction {unknown}
 i - 2 potions of curing {unknown}
 k - a potion of heal wounds {unknown}


   Skills:
 + Level 2.3 Fighting
 - Level 2.0 Dodging
 * Level 4.3 Unarmed Combat
 + Level 2.1 Spellcasting
 + Level 3.0 Transmutations
 * Level 1.1 Ice Magic


You had one spell level left.
You knew the following spells:

 Your Spells              Type           Power      Damage    Failure   Level
a - Beastly Appendage     Tmut           24%        N/A       5%          1
b - Wereblood             Tmut           12%        N/A       9%          2
c - Ice Form              Ice/Tmut       8%         N/A       63%         4

Your spell library contained the following spells:

 Spells                   Type           Power      Damage    Failure   Level
 Sublimation of Blood     Necr           1%         N/A       28%         2
 Spider Form              Tmut/Pois      7%         N/A       30%         3
 Iskenderun's Battlesphe  Conj           1%         2d6       99%         5
 Iron Shot                Conj/Erth      0%         9d1       100%        6
 Spellforged Servitor     Conj/Summ      0%         N/A       100%        7
 Summon Hydra             Summ           0%         N/A       100%        7


Dungeon Overview and Level Annotations

Branches:
Dungeon (3/15)

Altars:
Elyvilon

Annotations:
D:3 exclusion: 2 doors


Innate Abilities, Weirdness & Mutations

One of your tentacles has grown a beastly spike.
You cannot wear most types of armour.
You are amphibious.
You can wear up to eight rings at the same time.
Your skin changes colour to match your surroundings (Stealth+).
Your rubbery body absorbs attacks. (AC +1, EV +1)
((You are camouflaged when in or above water. (Stealth+)))
You have tentacles for arms and can constrict up to eight enemies at once.


Message History

A sky beast is nearby!
Casting: Beastly Appendage (safe; 5% risk of failure)
Confirm with . or Enter, or press ? or * to list all spells.
One of your tentacles grows a vicious spike.
The sky beast closely misses you.
You tentacle-slap the sky beast but do no damage.
Your tentacle spike misses the sky beast.
You squeeze the sky beast!
The sky beast is moderately wounded.
The sky beast barely misses you.
You tentacle-slap the sky beast but do no damage.
You pierce the sky beast.
You tentacle-slap the sky beast.
The sky beast is heavily wounded.
The sky beast barely misses you.
You tentacle-slap the sky beast. Your squeeze misses the sky beast.
The sky beast is severely wounded.
The sky beast hits you. The sky beast shocks you.
You tentacle-slap the sky beast.
The sky beast is almost dead.
The sky beast flickers out of sight!
Deactivating autopickup; reactivate with Ctrl-A.
Something hits you. Something shocks you.
You closely miss something.
You pierce something.
Something hits you. Something shocks you.
You closely miss something. Something hits you.
* * * LOW HITPOINT WARNING * * *
Something shocks you.
* * * LOW HITPOINT WARNING * * *
You barely miss something.
Your tentacle spike misses something.
Something hits you but does no damage.
You tentacle-slap something but do no damage.
Your tentacle spike misses something.
Your squeeze misses something.
A sky beast appears from thin air!
Reactivating autopickup.
The sky beast completely misses you.
You closely miss the sky beast.
You squeeze the sky beast, but do no damage.
The sky beast is almost dead.
The sky beast hits you.
You die...

.....#.####.....# #..
.....#.#........##### ##.
.......#.###.....>..# #.
+#######...#..#.....###
##### ##. .#
###.#..#.......###...###..
.####
#.#..#.....#.....8....._
....#
#....#.....#####...###..
###.# ###....####.## #####
##. .# #...#...Y@..# #. ..
#+###....################.
#.Y.....#......#
#........##..
#.......#.....##
#.........#.8
#...........#.#
#.........#..
[..>.........#.#
########..##.
.##.####........#
#........ #. #.###.####
#.......# . .. ..
#........


You could see a sky beast.

Vanquished Creatures
  Natasha (thrice) (D:2)
  2 adders (D:2)
  2 dart slugs
  3 bats
  6 endoplasms (D:1)
  4 goblins (D:1)
  2 hobgoblins
  3 jackals (D:1)
  5 quokkas
  8 ball pythons
  3 frilled lizards
  4 kobolds
  2 rats (D:1)
47 creatures vanquished.

Vanquished Creatures (others)
  2 fungi (D:1)
  4 plants (D:1)
6 creatures vanquished.

Grand Total: 53 creatures vanquished

Notes
Turn   | Place    | Note
-------+----------+-------------------------------------------
     0 | D:1      | LustLizard the Octopode Transmuter began the quest for the
                  | Orb.
     0 | D:1      | Reached XP level 1. HP: 13/13 MP: 3/3
   515 | D:1      | Reached XP level 2. HP: 11/18 MP: 3/5
   522 | D:1      | Learned a level 2 spell: Wereblood
   792 | D:1      | Found a faded altar of an unknown god.
  1162 | D:1      | Reached XP level 3. HP: 19/23 MP: 4/6
  2033 | D:2      | Noticed Natasha
  2040 | D:2      | Killed Natasha
  2041 | D:2      | Reached skill level 4 in Unarmed Combat
  2041 | D:2      | Reached XP level 4. HP: 17/29 MP: 5/7
  2285 | D:2      | Learned a level 4 spell: Ice Form
  2510 | D:2      | Noticed Natasha
  2525 | D:2      | Killed Natasha
  2832 | D:2      | Reached XP level 5. HP: 34/34 MP: 6/8
  2993 | D:2      | Noticed Natasha
  3308 | D:2      | Killed Natasha
  3309 | D:2      | Reached skill level 1 in Ice Magic
  3410 | D:3      | Found a white marble altar of Elyvilon.
  3625 | D:3      | Noticed a sky beast
  3678 | D:3      | Slain by a sky beast

Illustrated notes

Levels and vault maps discovered:
D:1:      lightli_molten_gateway, layout_basic, shapermc_ecumenical_altar_gd
D:2:      layout_loops_corners, dk_noncrumbling_3, uniq_natasha
D:3:      layout_basic, elyvilon_altar_1, uniq_crazy_yiuf_cottage

Skill      XL: |  1  2  3  4  5 |
---------------+----------------+-----
Fighting       | 2 |  2.3
Unarmed Combat | 4 |  4.3
Transmutations | 3 |  3.0
Ice Magic      | 1 |  1.1
Dodging        | |  2.0
Spellcasting   | |  2.1

Action                   |  1- 3 |  4- 6 || total
-------------------------+-------+-------++-------
Melee: Unarmed           |    78 |    34 ||   112
       Constrict         |    19 |     8 ||    27
       Tentacles         |    16 |     6 ||    22
       Kick              |    13 |     9 ||    22
       Punch             |     1 |     1 ||     2
 Cast: Beastly Appendage |    21 |     9 ||    30
       Wereblood         |     1 |     1 ||     2
 Stab: Sleeping          |     5 |     2 ||     7
Armor: Skin              |     8 |     2 ||    10
Dodge: Dodged            |    51 |    22 ||    73
